Staline vs Saguenéens
(R1)
Created - October 27, 2018 at 22:48
Goals
|
Staline |
0 |
2 |
0 |
0 |
1 |
3 |
Saguenéens |
0 |
2 |
0 |
0 |
0 |
2 |
|
Shots
|
Staline |
11 |
17 |
8 |
0 |
3 |
36 |
Saguenéens |
7 |
19 |
7 |
5 |
3 |
38 |
|
1st period
No Goal
Penalties :
Jordan Szwarz (StJ) for Interference (Minor) at 4:08
2nd period
1. Saguenéens , Carl Hagelin 3 (Nathan MacKinnon 2) at 5:03
2. Staline , Lars Eller 1 (Nick Spaling 6, Jason Akeson 4) at 6:04 (PP)
3. Saguenéens , Seth Jones 1 (Nathan MacKinnon 3, Luke Witkowski 8) at 10:42
4. Staline , Corey Trivino 2 (Tyler Pitlick 3) at 16:23
Penalties :
Jiri Sekac (StJ) for Tripping (Minor) at 1:35, Dalton Prout (Chi) for Hooking (Minor) at 5:58, Viktor Loov (StJ) for Holding (Minor) at 13:49
3rd period
No Goal
Penalties :
Corey Trivino (StJ) for Tripping (Minor) at 0:46, Lars Eller (StJ) for Roughing (Double Minor) at 5:27, Tyler Pitlick (StJ) for Hooking (Minor) at 17:01
Overtime #1
No Goal
Penalties :
No Penalty
Shootout
Penalty Shot by Jason Akeson for Staline - Goal!
Penalty Shot by Kyle Brodziak for Saguenéens - Stopped by Andrew Hammond
Penalty Shot by Nick Spaling for Staline - Stopped by Martin Jones
Penalty Shot by Luke Witkowski for Saguenéens - Shot Misses the Net
Penalty Shot by Tyler Pitlick for Staline - Stopped by Martin Jones
Penalty Shot by Carl Hagelin for Saguenéens - Shot Misses the Net
Penalties :
No Penalty
Goalie Stats
Andrew Hammond (StJ), 36 saves from 38 shots - (0.947), W, 1-1-0, 65:00 minutes
Martin Jones (Chi), 34 saves from 36 shots - (0.944), OTL, 3-0-1, 65:00 minutes
Players Stats for Staline
Player Name G A P +/- PIM S H SB GA TA FO MP PP MP PK MP
------------------------------------------------------------------------------------
Alex Petrovic 0 0 0 0 0 1 0 0 0 2 0/0 20:26 0:00 5:46
Andrey Pedan 0 0 0 0 0 0 0 0 0 1 0/0 11:49 0:00 0:41
Barclay Goodrow 0 0 0 0 0 0 0 0 0 0 1/2 3:15 0:00 0:00
Bryan Bickell 0 0 0 1 0 2 1 1 0 1 0/0 16:51 0:00 2:37
Cameron Gaunce 0 0 0 -2 0 2 1 3 1 0 0/0 27:35 0:06 7:49
Charles Hudon 0 0 0 0 0 0 0 0 0 1 0/0 4:08 0:00 0:00
Corey Trivino 1 0 1 1 2 8 1 0 0 0 9/13 14:19 0:00 0:00
Danny Kristo 0 0 0 0 0 0 0 1 0 0 0/0 4:08 0:00 0:00
David Musil 0 0 0 0 0 0 0 0 0 0 0/0 0:30 0:00 0:00
Jason Akeson 0 1 1 -2 0 0 1 3 1 1 7/15 27:03 0:06 7:09
Jiri Sekac 0 0 0 0 2 4 0 0 0 0 0/0 12:57 0:00 0:10
Jordan Szwarz 0 0 0 0 2 2 2 0 1 1 1/2 12:33 0:00 0:00
Lars Eller 1 0 1 -2 4 6 1 0 1 0 8/20 18:29 0:06 3:09
Mike Reilly 0 0 0 0 0 0 0 0 0 0 0/0 12:18 0:00 0:59
Nick Spaling 0 1 1 -2 0 2 1 0 0 1 1/1 23:54 0:06 7:16
Nikita Nesterov 0 0 0 1 0 0 0 0 0 0 0/0 5:21 0:00 0:00
Peter Holland 0 0 0 0 0 1 1 0 0 0 7/9 13:11 0:00 0:43
Philip Larsen 0 0 0 -2 0 2 2 2 0 0 0/0 27:35 0:06 7:49
Sergey Tolchinsky 0 0 0 0 0 0 0 0 0 0 0/0 2:15 0:00 0:00
Tobias Lindberg 0 0 0 0 0 0 0 0 0 0 0/0 3:51 0:00 2:50
Tyler Lewington 0 0 0 1 0 0 0 0 0 0 0/0 5:21 0:00 0:00
Tyler Pitlick 0 1 1 1 2 5 5 1 1 1 1/2 19:07 0:00 3:54
Viktor Loov 0 0 0 0 2 1 1 0 0 0 0/0 19:04 0:00 4:44
Players Stats for Saguenéens
Player Name G A P +/- PIM S H SB GA TA FO MP PP MP PK MP
------------------------------------------------------------------------------------
Bobby Sanguinetti 0 0 0 2 0 2 0 0 0 0 0/0 27:25 7:52 0:06
Calle Andersson 0 0 0 0 0 0 2 0 0 0 0/0 5:44 0:00 0:00
Carl Hagelin 1 0 1 2 0 5 3 0 1 2 1/1 22:57 7:09 0:00
Craig Cunningham 0 0 0 0 0 3 4 0 1 0 0/1 16:04 5:52 0:00
Dalton Prout 0 0 0 0 2 2 1 2 0 0 0/0 21:53 7:44 0:00
Dylan Labbe 0 0 0 0 0 0 0 0 0 0 0/0 5:50 0:06 0:00
Henrik Samuelsson 0 0 0 0 0 1 0 0 0 0 0/1 3:19 0:57 0:00
Jerry D'Amigo 0 0 0 -1 0 1 1 0 2 0 0/0 9:11 0:00 0:00
Juraj Mikus 0 0 0 0 0 1 0 0 0 0 1/4 11:15 0:00 0:00
Kerby Rychel 0 0 0 -1 0 0 0 1 0 0 0/1 9:11 0:00 0:00
Kyle Brodziak 0 0 0 0 0 3 1 0 0 0 6/14 19:01 7:03 0:06
Luke Witkowski 0 1 1 2 0 5 2 0 1 0 1/1 24:13 7:15 0:06
Mattias Janmark 0 0 0 0 0 0 0 0 0 0 0/0 3:14 0:53 0:00
Mike Sauer 0 0 0 -1 0 2 3 2 0 1 0/0 21:53 5:56 0:00
Mikhail Grigorenko 0 0 0 0 0 0 0 0 0 0 0/1 1:07 0:27 0:00
Myles Bell 0 0 0 0 0 0 0 0 0 0 0/0 0:00 0:00 0:00
Nathan MacKinnon 0 2 2 2 0 0 2 0 2 0 17/32 21:22 6:03 0:00
Nick Mattson 0 0 0 0 0 0 0 0 0 1 0/0 10:13 0:14 0:00
Nick Paul 0 0 0 0 0 0 0 0 0 0 0/0 0:00 0:00 0:00
Rhett Rakhshani 0 0 0 0 0 0 0 1 0 0 0/0 11:15 0:00 0:00
Robert Hagg 0 0 0 0 0 1 0 3 0 0 0/0 9:58 0:00 0:06
Seth Jones 1 0 1 1 0 5 4 3 0 0 0/0 27:03 5:56 0:00
Tanner Richard 0 0 0 -1 0 2 0 0 1 0 3/6 9:11 0:00 0:00
Teemu Pulkkinen 0 0 0 0 0 3 1 0 1 0 0/0 11:15 0:00 0:00
Tobias Rieder 0 0 0 0 0 2 2 0 0 1 0/2 17:19 6:03 0:00
3 Stars
1 - Andrew Hammond (StJ)
2 - Seth Jones (Chi)
3 - Carl Hagelin (Chi)
Power Play
Staline - 1 on 1 Attempt(s) - 100.00%
Saguenéens - 0 on 7 Attempt(s) - 0.00%
Penalty Kill
Staline - 7 on 7 Attempt(s) - 100.00%
- Score 0 goal in Penalty Kill
Saguenéens - 0 on 1 Attempt(s) - 0.00%
- Score 0 goal in Penalty Kill
Team Stat
Staline - Hits : 17 - Faceoff Wins : 35 - Blocked Shots : 11 - Penalty Minutes : 14
Saguenéens - Hits : 26 - Faceoff Wins : 29 - Blocked Shots : 12 - Penalty Minutes : 2
Official
Referees : Unknown
Linesman : Unknown
Game Notes
No Game Note
Finance
Level 1 -- Attendance: 1354 (67.70%) -- Ticket Income $54,160
Level 2 -- Attendance: 753 (75.30%) -- Ticket Income $15,060
Total Attendance: 2107 (70.23%)
Total Ticket Income: $69,220
Other Income: $3,461
Total Income: $72,681
Staline
5 vs 5 Forward
Center Left Wing Right Wing Time % Phy DF OF
1 Lars Eller Nick Spaling Jason Akeson 40 1 2 2
2 Corey Trivino Bryan Bickell Tyler Pitlick 30 1 2 2
3 Peter Holland Jiri Sekac Jordan Szwarz 20 1 2 2
4 Jason Akeson Charles Hudon Danny Kristo 10 1 2 2
5 vs 5 Defense
Defense Defense Time % Phy DF OF
1 Cameron Gaunce Philip Larsen 40 1 2 2
2 Alex Petrovic Viktor Loov 30 1 2 2
3 Mike Reilly Andrey Pedan 20 1 2 2
4 Nikita Nesterov Tyler Lewington 10 1 2 2
PowerPlay Forward
Center Left Wing Right Wing Time % Phy DF OF
1 Lars Eller Nick Spaling Jason Akeson 60 1 2 2
2 Corey Trivino Bryan Bickell Tyler Pitlick 40 1 2 2
PowerPlay Defense
Defense Defense Time % Phy DF OF
1 Cameron Gaunce Philip Larsen 60 1 2 2
2 Alex Petrovic Viktor Loov 40 1 2 2
Penalty Kill 4 Players Forward
Center Wing Time % Phy DF OF
1 Jason Akeson Nick Spaling 60 1 2 2
2 Tyler Pitlick Lars Eller 40 1 2 2
Penalty Kill 4 Players Defense
Defense Defense Time % Phy DF OF
1 Cameron Gaunce Philip Larsen 60 1 2 2
2 Alex Petrovic Viktor Loov 40 1 2 2
Penalty Kill - 3 Players Forward
Forward Time % Phy DF OF
1 Jason Akeson 60 1 2 2
2 Nick Spaling 40 1 2 2
Penalty Kill - 3 Players Defense
Defense Defense Time % Phy DF OF
1 Cameron Gaunce Philip Larsen 60 1 2 2
2 Alex Petrovic Viktor Loov 40 1 2 2
4 vs 4 Forward
Center Wing Time % Phy DF OF
1 Jason Akeson Nick Spaling 60 1 2 2
2 Tyler Pitlick Lars Eller 40 1 2 2
4 vs 4 Defense
Defense Defense Time % Phy DF OF
1 Cameron Gaunce Philip Larsen 60 1 2 2
2 Alex Petrovic Viktor Loov 40 1 2 2
Last Minutes Offensive
Center Left Wing Right Wing Defense Defense
Lars Eller Nick Spaling Jason Akeson Cameron Gaunce Philip Larsen
Last Minutes Defensive
Center Left Wing Right Wing Defense Defense
Lars Eller Nick Spaling Jason Akeson Cameron Gaunce Philip Larsen
Goaltenders
Starting : Andrew Hammond
Backup : Joni Ortio
Extra Forwards
Normal : Barclay Goodrow, Sergey Tolchinsky, Tobias Lindberg - PP : Barclay Goodrow, Sergey Tolchinsky - PK : Tobias Lindberg
Extra Defensemen
Normal : David Musil, Mike Reilly, Andrey Pedan - PP : David Musil - PK : Mike Reilly, Andrey Pedan
Penalty Shots
Jason Akeson, Nick Spaling, Tyler Pitlick, Lars Eller, Corey Trivino
Scratches
Marek Zagrapan (Sprained Right Finger Injury), Darcy Kuemper (Healthy)
Saguenéens
5 vs 5 Forward
Center Left Wing Right Wing Time % Phy DF OF
1 Nathan MacKinnon Carl Hagelin Luke Witkowski 40 1 2 2
2 Kyle Brodziak Craig Cunningham Tobias Rieder 30 1 2 2
3 Juraj Mikus Teemu Pulkkinen Rhett Rakhshani 20 1 2 2
4 Tanner Richard Kerby Rychel Jerry D'Amigo 10 1 2 2
5 vs 5 Defense
Defense Defense Time % Phy DF OF
1 Seth Jones Bobby Sanguinetti 40 1 2 2
2 Dalton Prout Mike Sauer 30 1 2 2
3 Nick Mattson Robert Hagg 20 1 2 2
4 Calle Andersson Dylan Labbe 10 1 2 2
PowerPlay Forward
Center Left Wing Right Wing Time % Phy DF OF
1 Kyle Brodziak Carl Hagelin Luke Witkowski 60 1 2 2
2 Nathan MacKinnon Craig Cunningham Tobias Rieder 40 1 2 2
PowerPlay Defense
Defense Defense Time % Phy DF OF
1 Dalton Prout Bobby Sanguinetti 60 1 2 2
2 Seth Jones Mike Sauer 40 1 2 2
Penalty Kill 4 Players Forward
Center Wing Time % Phy DF OF
1 Kyle Brodziak Luke Witkowski 60 1 2 2
2 Carl Hagelin Tobias Rieder 40 1 2 2
Penalty Kill 4 Players Defense
Defense Defense Time % Phy DF OF
1 Dalton Prout Bobby Sanguinetti 60 1 2 2
2 Seth Jones Mike Sauer 40 1 2 2
Penalty Kill - 3 Players Forward
Forward Time % Phy DF OF
1 Kyle Brodziak 60 1 2 2
2 Luke Witkowski 40 1 2 2
Penalty Kill - 3 Players Defense
Defense Defense Time % Phy DF OF
1 Dalton Prout Bobby Sanguinetti 60 1 2 2
2 Seth Jones Mike Sauer 40 1 2 2
4 vs 4 Forward
Center Wing Time % Phy DF OF
1 Kyle Brodziak Luke Witkowski 60 1 2 2
2 Carl Hagelin Tobias Rieder 40 1 2 2
4 vs 4 Defense
Defense Defense Time % Phy DF OF
1 Dalton Prout Bobby Sanguinetti 60 1 2 2
2 Seth Jones Mike Sauer 40 1 2 2
Last Minutes Offensive
Center Left Wing Right Wing Defense Defense
Kyle Brodziak Carl Hagelin Luke Witkowski Dalton Prout Bobby Sanguinetti
Last Minutes Defensive
Center Left Wing Right Wing Defense Defense
Kyle Brodziak Carl Hagelin Luke Witkowski Dalton Prout Bobby Sanguinetti
Goaltenders
Starting : Martin Jones
Backup : Joe Cannata
Extra Forwards
Normal : Henrik Samuelsson, Mattias Janmark, Mikhail Grigorenko - PP : Henrik Samuelsson, Mattias Janmark - PK : Mikhail Grigorenko
Extra Defensemen
Normal : Nick Mattson, Robert Hagg, Calle Andersson - PP : Nick Mattson - PK : Robert Hagg, Calle Andersson
Penalty Shots
Kyle Brodziak, Luke Witkowski, Carl Hagelin, Tobias Rieder, Craig Cunningham
Scratches
Patrick Sieloff (Healthy), Adam Erne (Healthy)
% Time on Ice - Staline
Lines # - Real PCT - Wanted PCT - Time Play
Normal Forward
1 - 34% - 40% - 15:33
2 - 30% - 30% - 13:51
3 - 27% - 20% - 12:28
4 - 9% - 10% - 4:08
Normal Defense
1 - 37% - 40% - 17:00
2 - 28% - 30% - 12:50
3 - 24% - 20% - 10:49
4 - 12% - 10% - 5:21
PP Forward
1 - 100% - 60% - 0:06
2 - 0% - 40% - 0:00
PP Defense
1 - 100% - 60% - 0:06
2 - 0% - 40% - 0:00
PK Forward
1 - 65% - 60% - 9:06
2 - 35% - 40% - 4:48
PK Defense
1 - 59% - 60% - 8:08
2 - 41% - 40% - 5:46
PK3 Forward
1 - 0% - 60%
2 - 0% - 40%
PK3 Defense
1 - 0% - 60%
2 - 0% - 40%
44 Forward
1 - 81% - 60% - 4:03
2 - 19% - 40% - 0:57
44 Defense
1 - 63% - 60% - 3:10
2 - 37% - 40% - 1:50
Last Minute Offensive - 0:00
Last Minute Defensive - 0:00
Total
Forward - 65:00
Defense - 65:00
|
% Time on Ice - Saguenéens
Lines # - Real PCT - Wanted PCT - Time Play
Normal Forward
1 - 33% - 40% - 15:22
2 - 22% - 30% - 10:12
3 - 24% - 20% - 11:15
4 - 20% - 10% - 9:11
Normal Defense
1 - 37% - 40% - 16:55
2 - 29% - 30% - 13:29
3 - 21% - 20% - 9:52
4 - 12% - 10% - 5:44
PP Forward
1 - 56% - 60% - 7:51
2 - 44% - 40% - 6:03
PP Defense
1 - 57% - 60% - 7:58
2 - 43% - 40% - 5:56
PK Forward
1 - 100% - 60% - 0:06
2 - 0% - 40% - 0:00
PK Defense
1 - 100% - 60% - 0:06
2 - 0% - 40% - 0:00
PK3 Forward
1 - 0% - 60%
2 - 0% - 40%
PK3 Defense
1 - 0% - 60%
2 - 0% - 40%
44 Forward
1 - 82% - 60% - 4:07
2 - 18% - 40% - 0:53
44 Defense
1 - 51% - 60% - 2:32
2 - 49% - 40% - 2:28
Last Minute Offensive - 0:00
Last Minute Defensive - 0:00
Total
Forward - 65:00
Defense - 65:00
|
Play by Play
1st period
0:01 of 1st period - Nathan MacKinnon wins face-off versus Lars Eller in neutral zone.
0:04 of 1st period - Cameron Gaunce is hit by Seth Jones and loses puck.
0:58 of 1st period - Wrist shot by Jordan Szwarz.
0:58 of 1st period - Stopped by Martin Jones with a rebound.
1:29 of 1st period - Off-side.
1:30 of 1st period - Corey Trivino wins face-off versus Nathan MacKinnon in neutral zone.
1:35 of 1st period - Snap shot by Tyler Pitlick.
1:35 of 1st period - Shot Blocked by Robert Hagg.
2:41 of 1st period - Snap shot by Tyler Pitlick.
2:41 of 1st period - Stopped by Martin Jones without a rebound.
2:42 of 1st period - Corey Trivino wins face-off versus Nathan MacKinnon in Saguenéens zone.
3:08 of 1st period - Tyler Pitlick is hit by Calle Andersson and loses puck.
3:38 of 1st period - Snap shot by Jason Akeson.
3:38 of 1st period - Shot Misses the Net.
4:08 of 1st period - Minor Penalty to Jordan Szwarz for Interference.
4:09 of 1st period - Jason Akeson wins face-off versus Kyle Brodziak in Staline zone.
4:49 of 1st period - Wrist shot by Craig Cunningham.
4:49 of 1st period - Stopped by Andrew Hammond with a rebound.
5:56 of 1st period - Philip Larsen is hit by Luke Witkowski and loses puck.
6:08 of 1st period - Penalty to Jordan Szwarz is over, Jordan Szwarz is back on ice.
6:17 of 1st period - Slapshot by Jordan Szwarz.
6:17 of 1st period - Shot Blocked by Seth Jones.
6:37 of 1st period - Corey Trivino is hit by Mike Sauer and loses puck.
7:37 of 1st period - Off-side.
7:38 of 1st period - Jason Akeson wins face-off versus Tanner Richard in neutral zone.
8:48 of 1st period - Off-side.
8:49 of 1st period - Jordan Szwarz wins face-off versus Nathan MacKinnon in neutral zone.
9:01 of 1st period - Icing by Luke Witkowski.
9:02 of 1st period - Nathan MacKinnon wins face-off versus Lars Eller in Saguenéens zone.
9:16 of 1st period - Wrist shot by Nick Spaling.
9:16 of 1st period - Stopped by Martin Jones with a rebound.
9:18 of 1st period - Snap shot by Lars Eller.
9:18 of 1st period - Shot Blocked by Robert Hagg.
9:34 of 1st period - Snap shot by Corey Trivino.
9:34 of 1st period - Shot Misses the Net.
10:08 of 1st period - Jerry D'Amigo is hit by Lars Eller and loses puck.
10:13 of 1st period - Slapshot by Lars Eller.
10:13 of 1st period - Shot Misses the Net.
10:15 of 1st period - Slapshot by Nick Spaling.
10:15 of 1st period - Stopped by Martin Jones without a rebound.
10:16 of 1st period - Nathan MacKinnon wins face-off versus Corey Trivino in Saguenéens zone.
10:29 of 1st period - Corey Trivino is hit by Carl Hagelin.
10:51 of 1st period - Slapshot by Seth Jones.
10:51 of 1st period - Stopped by Andrew Hammond with a rebound.
10:53 of 1st period - Slapshot by Bobby Sanguinetti.
10:53 of 1st period - Deflect By Tobias Rieder.
10:53 of 1st period - Stopped by Andrew Hammond with a rebound.
10:55 of 1st period - Snap shot by Craig Cunningham.
10:55 of 1st period - Shot Blocked by Jason Akeson.
11:51 of 1st period - Slapshot by Tyler Pitlick.
11:51 of 1st period - Stopped by Martin Jones without a rebound.
11:52 of 1st period - Corey Trivino wins face-off versus Nathan MacKinnon in Saguenéens zone.
12:05 of 1st period - Wrist shot by Corey Trivino.
12:05 of 1st period - Stopped by Martin Jones with a rebound.
12:42 of 1st period - Wrist shot by Tyler Pitlick.
12:42 of 1st period - Stopped by Martin Jones with a rebound.
12:44 of 1st period - Wrist shot by Corey Trivino.
12:44 of 1st period - Shot Misses the Net.
12:46 of 1st period - Wrist shot by Corey Trivino.
12:46 of 1st period - Stopped by Martin Jones with a rebound.
12:48 of 1st period - Snap shot by Corey Trivino.
12:48 of 1st period - Shot Misses the Net.
12:50 of 1st period - Wrist shot by Tyler Pitlick.
12:50 of 1st period - Shot Misses the Net.
12:52 of 1st period - Snap shot by Corey Trivino.
12:52 of 1st period - Stopped by Martin Jones with a rebound.
13:33 of 1st period - Wrist shot by Carl Hagelin.
13:33 of 1st period - Stopped by Andrew Hammond with a rebound.
13:55 of 1st period - Slapshot by Bryan Bickell.
13:55 of 1st period - Stopped by Martin Jones with a rebound.
13:57 of 1st period - Snap shot by Tyler Pitlick.
13:57 of 1st period - Stopped by Martin Jones without a rebound.
13:58 of 1st period - Lars Eller wins face-off versus Tobias Rieder in Saguenéens zone.
14:38 of 1st period - Icing by Philip Larsen.
14:39 of 1st period - Peter Holland wins face-off versus Kyle Brodziak in Staline zone.
14:39 of 1st period - Peter Holland is hit by Tobias Rieder.
15:57 of 1st period - Icing by Alex Petrovic.
15:58 of 1st period - Tanner Richard wins face-off versus Barclay Goodrow in Staline zone.
15:59 of 1st period - Wrist shot by Kerby Rychel.
15:59 of 1st period - Shot Misses the Net.
17:16 of 1st period - Bobby Sanguinetti is hit by Tyler Pitlick and loses puck.
17:44 of 1st period - Bobby Sanguinetti is hit by Jordan Szwarz and loses puck.
18:03 of 1st period - Wrist shot by Tobias Rieder.
18:03 of 1st period - Shot Blocked by Jason Akeson.
18:05 of 1st period - Snap shot by Craig Cunningham.
18:05 of 1st period - Stopped by Andrew Hammond without a rebound.
18:06 of 1st period - Nathan MacKinnon wins face-off versus Jason Akeson in Staline zone.
18:07 of 1st period - Slapshot by Luke Witkowski.
18:07 of 1st period - Shot Blocked by Danny Kristo.
18:31 of 1st period - Snap shot by Tobias Rieder.
18:31 of 1st period - Shot Misses the Net.
18:33 of 1st period - Snap shot by Kyle Brodziak.
18:33 of 1st period - Stopped by Andrew Hammond with a rebound.
18:35 of 1st period - Snap shot by Craig Cunningham.
18:35 of 1st period - Stopped by Andrew Hammond with a rebound.
19:29 of 1st period - Alex Petrovic is hit by Craig Cunningham and loses puck.
19:58 of 1st period - Snap shot by Nick Spaling.
19:58 of 1st period - Shot Misses the Net.
Goals for this period are 0 for Staline vs 0 for Saguenéens.
Shots for this period are 11 for Staline vs 7 for Saguenéens.
2nd period
0:01 of 2nd period - Nathan MacKinnon wins face-off versus Lars Eller in neutral zone.
0:13 of 2nd period - Icing by Philip Larsen.
0:14 of 2nd period - Lars Eller wins face-off versus Craig Cunningham in Staline zone.
0:41 of 2nd period - Icing by Nick Spaling.
0:42 of 2nd period - Corey Trivino wins face-off versus Nathan MacKinnon in Staline zone.
0:42 of 2nd period - Corey Trivino is hit by Carl Hagelin.
0:48 of 2nd period - Slapshot by Corey Trivino.
0:48 of 2nd period - Deflect By Bryan Bickell.
0:48 of 2nd period - Stopped by Martin Jones with a rebound.
0:56 of 2nd period - Slapshot by Corey Trivino.
0:56 of 2nd period - Stopped by Martin Jones with a rebound.
1:35 of 2nd period - Minor Penalty to Jiri Sekac for Tripping.
1:36 of 2nd period - Kyle Brodziak wins face-off versus Jason Akeson in Staline zone.
1:38 of 2nd period - Snap shot by Carl Hagelin.
1:38 of 2nd period - Shot Misses the Net.
1:42 of 2nd period - Snap shot by Luke Witkowski.
1:42 of 2nd period - Stopped by Andrew Hammond with a rebound.
1:44 of 2nd period - Snap shot by Luke Witkowski.
1:44 of 2nd period - Shot Blocked by Jason Akeson.
1:46 of 2nd period - Wrist shot by Luke Witkowski.
1:46 of 2nd period - Stopped by Andrew Hammond without a rebound.
1:47 of 2nd period - Kyle Brodziak wins face-off versus Jason Akeson in Staline zone.
2:02 of 2nd period - Snap shot by Luke Witkowski.
2:02 of 2nd period - Shot Blocked by Cameron Gaunce.
2:54 of 2nd period - Slapshot by Viktor Loov.
2:54 of 2nd period - Stopped by Martin Jones with a rebound.
2:56 of 2nd period - Slapshot by Alex Petrovic.
2:56 of 2nd period - Stopped by Martin Jones with a rebound.
2:58 of 2nd period - Slapshot by Alex Petrovic.
2:58 of 2nd period - Shot Misses the Net.
3:35 of 2nd period - Penalty to Jiri Sekac is over, Jiri Sekac is back on ice.
3:51 of 2nd period - Off-side.
3:52 of 2nd period - Peter Holland wins face-off versus Juraj Mikus in neutral zone.
3:55 of 2nd period - Wrist shot by Jiri Sekac.
3:55 of 2nd period - Stopped by Martin Jones without a rebound.
3:56 of 2nd period - Peter Holland wins face-off versus Juraj Mikus in Saguenéens zone.
4:11 of 2nd period - Snap shot by Peter Holland.
4:11 of 2nd period - Shot Misses the Net.
4:34 of 2nd period - Slapshot by Teemu Pulkkinen.
4:34 of 2nd period - Stopped by Andrew Hammond with a rebound.
4:36 of 2nd period - Slapshot by Robert Hagg.
4:36 of 2nd period - Stopped by Andrew Hammond with a rebound.
4:38 of 2nd period - Backhand shot by Juraj Mikus.
4:38 of 2nd period - Stopped by Andrew Hammond with a rebound.
4:40 of 2nd period - Slapshot by Teemu Pulkkinen.
4:40 of 2nd period - Shot Misses the Net.
4:46 of 2nd period - Wrist shot by Juraj Mikus.
4:46 of 2nd period - Shot Misses the Net.
4:48 of 2nd period - Snap shot by Teemu Pulkkinen.
4:48 of 2nd period - Stopped by Andrew Hammond without a rebound.
4:49 of 2nd period - Nathan MacKinnon wins face-off versus Lars Eller in Staline zone.
4:58 of 2nd period - Cameron Gaunce is hit by Carl Hagelin and loses puck.
5:03 of 2nd period - Snap shot by Carl Hagelin.
5:03 of 2nd period - Goal by Carl Hagelin - Staline : 0 - Saguenéens : 1.
5:04 of 2nd period - Nathan MacKinnon wins face-off versus Lars Eller in neutral zone.
5:36 of 2nd period - Snap shot by Tyler Pitlick.
5:36 of 2nd period - Deflect By Corey Trivino.
5:36 of 2nd period - Shot Misses the Net.
5:36 of 2nd period - Puck is out of play.
5:37 of 2nd period - Kyle Brodziak wins face-off versus Lars Eller in Saguenéens zone.
5:58 of 2nd period - Minor Penalty to Dalton Prout for Hooking.
5:59 of 2nd period - Lars Eller wins face-off versus Kyle Brodziak in Saguenéens zone.
6:04 of 2nd period - Slapshot by Nick Spaling.
6:04 of 2nd period - Deflect By Lars Eller.
6:04 of 2nd period - Goal by Lars Eller - Staline : 1 - Saguenéens : 1.
6:05 of 2nd period - Jason Akeson wins face-off versus Nathan MacKinnon in neutral zone.
6:15 of 2nd period - Off-side.
6:16 of 2nd period - Nick Spaling wins face-off versus Nathan MacKinnon in neutral zone.
6:19 of 2nd period - Snap shot by Philip Larsen.
6:19 of 2nd period - Shot Misses the Net.
6:21 of 2nd period - Snap shot by Philip Larsen.
6:21 of 2nd period - Stopped by Martin Jones with a rebound.
6:23 of 2nd period - Slapshot by Cameron Gaunce.
6:23 of 2nd period - Stopped by Martin Jones with a rebound.
6:31 of 2nd period - Slapshot by Lars Eller.
6:31 of 2nd period - Stopped by Martin Jones without a rebound.
6:32 of 2nd period - Corey Trivino wins face-off versus Kyle Brodziak in Saguenéens zone.
6:35 of 2nd period - Slapshot by Corey Trivino.
6:35 of 2nd period - Shot Misses the Net.
6:43 of 2nd period - Wrist shot by Kyle Brodziak.
6:43 of 2nd period - Shot Blocked by Philip Larsen.
6:45 of 2nd period - Snap shot by Kyle Brodziak.
6:45 of 2nd period - Stopped by Andrew Hammond with a rebound.
6:47 of 2nd period - Snap shot by Tobias Rieder.
6:47 of 2nd period - Shot Misses the Net.
7:31 of 2nd period - Wrist shot by Bryan Bickell.
7:31 of 2nd period - Deflect By Corey Trivino.
7:31 of 2nd period - Shot Blocked by Dalton Prout.
7:31 of 2nd period - Puck is out of play.
7:32 of 2nd period - Nathan MacKinnon wins face-off versus Lars Eller in Saguenéens zone.
7:57 of 2nd period - Cameron Gaunce is hit by Dalton Prout and loses puck.
8:02 of 2nd period - Slapshot by Seth Jones.
8:02 of 2nd period - Stopped by Andrew Hammond with a rebound.
8:04 of 2nd period - Wrist shot by Seth Jones.
8:04 of 2nd period - Shot Misses the Net.
8:06 of 2nd period - Slapshot by Tobias Rieder.
8:06 of 2nd period - Shot Misses the Net.
8:08 of 2nd period - Snap shot by Tobias Rieder.
8:08 of 2nd period - Stopped by Andrew Hammond with a rebound.
9:24 of 2nd period - Andrey Pedan is hit by Jerry D'Amigo and loses puck.
9:59 of 2nd period - Snap shot by Jerry D'Amigo.
9:59 of 2nd period - Shot Blocked by Bryan Bickell.
10:01 of 2nd period - Slapshot by Nick Mattson.
10:01 of 2nd period - Shot Misses the Net.
10:03 of 2nd period - Snap shot by Tanner Richard.
10:03 of 2nd period - Stopped by Andrew Hammond without a rebound.
10:04 of 2nd period - Peter Holland wins face-off versus Nathan MacKinnon in Staline zone.
10:14 of 2nd period - Icing by Seth Jones.
10:15 of 2nd period - Nathan MacKinnon wins face-off versus Lars Eller in Saguenéens zone.
10:42 of 2nd period - Slapshot by Seth Jones.
10:42 of 2nd period - Goal by Seth Jones - Staline : 1 - Saguenéens : 2.
10:43 of 2nd period - Lars Eller wins face-off versus Nathan MacKinnon in neutral zone.
11:08 of 2nd period - Craig Cunningham is hit by Cameron Gaunce and loses puck.
11:17 of 2nd period - Snap shot by Kyle Brodziak.
11:17 of 2nd period - Stopped by Andrew Hammond with a rebound.
11:29 of 2nd period - Slapshot by Jordan Szwarz.
11:29 of 2nd period - Stopped by Martin Jones without a rebound.
11:30 of 2nd period - Juraj Mikus wins face-off versus Jordan Szwarz in Saguenéens zone.
11:53 of 2nd period - Lars Eller is hit by Mike Sauer and loses puck.
12:14 of 2nd period - Wrist shot by Tyler Pitlick.
12:14 of 2nd period - Shot Blocked by Rhett Rakhshani.
12:16 of 2nd period - Wrist shot by Corey Trivino.
12:16 of 2nd period - Stopped by Martin Jones without a rebound.
12:17 of 2nd period - Nathan MacKinnon wins face-off versus Lars Eller in Saguenéens zone.
12:26 of 2nd period - Slapshot by Carl Hagelin.
12:26 of 2nd period - Stopped by Andrew Hammond without a rebound.
12:27 of 2nd period - Lars Eller wins face-off versus Nathan MacKinnon in Staline zone.
12:31 of 2nd period - Off-side.
12:32 of 2nd period - Lars Eller wins face-off versus Nathan MacKinnon in neutral zone.
12:57 of 2nd period - Corey Trivino is hit by Tobias Rieder and loses puck.
13:10 of 2nd period - Snap shot by Tobias Rieder.
13:10 of 2nd period - Shot Misses the Net.
13:24 of 2nd period - Slapshot by Cameron Gaunce.
13:24 of 2nd period - Shot Blocked by Mike Sauer.
13:26 of 2nd period - Slapshot by Philip Larsen.
13:26 of 2nd period - Stopped by Martin Jones without a rebound.
13:27 of 2nd period - Nathan MacKinnon wins face-off versus Peter Holland in Saguenéens zone.
13:34 of 2nd period - Slapshot by Jordan Szwarz.
13:34 of 2nd period - Shot Misses the Net.
13:36 of 2nd period - Snap shot by Jiri Sekac.
13:36 of 2nd period - Stopped by Martin Jones without a rebound.
13:37 of 2nd period - Nathan MacKinnon wins face-off versus Lars Eller in Saguenéens zone.
13:49 of 2nd period - Minor Penalty to Viktor Loov for Holding.
13:50 of 2nd period - Kyle Brodziak wins face-off versus Jason Akeson in Staline zone.
14:00 of 2nd period - Snap shot by Carl Hagelin.
14:00 of 2nd period - Stopped by Andrew Hammond without a rebound.
14:01 of 2nd period - Kyle Brodziak wins face-off versus Jason Akeson in Staline zone.
14:58 of 2nd period - Alex Petrovic is hit by Luke Witkowski and loses puck.
15:13 of 2nd period - Bryan Bickell is hit by Craig Cunningham and loses puck.
15:49 of 2nd period - Penalty to Viktor Loov is over, Viktor Loov is back on ice.
15:56 of 2nd period - Wrist shot by Jordan Szwarz.
15:56 of 2nd period - Shot Misses the Net.
16:06 of 2nd period - Peter Holland is hit by Teemu Pulkkinen and loses puck.
16:19 of 2nd period - Wrist shot by Corey Trivino.
16:19 of 2nd period - Stopped by Martin Jones with a rebound.
16:21 of 2nd period - Slapshot by Corey Trivino.
16:21 of 2nd period - Shot Misses the Net.
16:23 of 2nd period - Snap shot by Corey Trivino.
16:23 of 2nd period - Goal by Corey Trivino - Staline : 2 - Saguenéens : 2.
16:24 of 2nd period - Corey Trivino wins face-off versus Nathan MacKinnon in neutral zone.
16:33 of 2nd period - Snap shot by Tyler Pitlick.
16:33 of 2nd period - Stopped by Martin Jones with a rebound.
18:32 of 2nd period - Slapshot by Juraj Mikus.
18:32 of 2nd period - Shot Misses the Net.
18:44 of 2nd period - Teemu Pulkkinen is hit by Bryan Bickell and loses puck.
18:55 of 2nd period - Wrist shot by Luke Witkowski.
18:55 of 2nd period - Stopped by Andrew Hammond with a rebound.
18:57 of 2nd period - Backhand shot by Bobby Sanguinetti.
18:57 of 2nd period - Stopped by Andrew Hammond with a rebound.
18:59 of 2nd period - Snap shot by Luke Witkowski.
18:59 of 2nd period - Stopped by Andrew Hammond with a rebound.
19:05 of 2nd period - Slapshot by Seth Jones.
19:05 of 2nd period - Deflect By Luke Witkowski.
19:05 of 2nd period - Stopped by Andrew Hammond with a rebound.
19:17 of 2nd period - Snap shot by Jiri Sekac.
19:17 of 2nd period - Stopped by Martin Jones without a rebound.
19:18 of 2nd period - Peter Holland wins face-off versus Tanner Richard in Saguenéens zone.
19:21 of 2nd period - Snap shot by Jiri Sekac.
19:21 of 2nd period - Shot Blocked by Kerby Rychel.
19:23 of 2nd period - Snap shot by Peter Holland.
19:23 of 2nd period - Shot Misses the Net.
Goals for this period are 2 for Staline vs 2 for Saguenéens.
Shots for this period are 17 for Staline vs 19 for Saguenéens.
3rd period
0:01 of 3rd period - Nathan MacKinnon wins face-off versus Lars Eller in neutral zone.
0:06 of 3rd period - Slapshot by Seth Jones.
0:06 of 3rd period - Stopped by Andrew Hammond without a rebound.
0:07 of 3rd period - Lars Eller wins face-off versus Nathan MacKinnon in Staline zone.
0:18 of 3rd period - Slapshot by Jason Akeson.
0:18 of 3rd period - Shot Misses the Net.
0:20 of 3rd period - Snap shot by Cameron Gaunce.
0:20 of 3rd period - Shot Blocked by Seth Jones.
0:22 of 3rd period - Snap shot by Jason Akeson.
0:22 of 3rd period - Shot Misses the Net.
0:33 of 3rd period - Off-side.
0:34 of 3rd period - Corey Trivino wins face-off versus Tobias Rieder in neutral zone.
0:46 of 3rd period - Minor Penalty to Corey Trivino for Tripping.
0:47 of 3rd period - Jason Akeson wins face-off versus Kyle Brodziak in Staline zone.
1:02 of 3rd period - Snap shot by Nick Spaling.
1:02 of 3rd period - Shot Misses the Net.
1:24 of 3rd period - Slapshot by Cameron Gaunce.
1:24 of 3rd period - Shot Misses the Net.
1:26 of 3rd period - Slapshot by Cameron Gaunce.
1:26 of 3rd period - Stopped by Martin Jones with a rebound.
1:28 of 3rd period - Snap shot by Lars Eller.
1:28 of 3rd period - Stopped by Martin Jones without a rebound.
1:29 of 3rd period - Nathan MacKinnon wins face-off versus Jason Akeson in Saguenéens zone.
2:24 of 3rd period - Lars Eller is hit by Nathan MacKinnon and loses puck.
2:46 of 3rd period - Penalty to Corey Trivino is over, Corey Trivino is back on ice.
2:57 of 3rd period - Backhand shot by Jerry D'Amigo.
2:57 of 3rd period - Stopped by Andrew Hammond with a rebound.
3:04 of 3rd period - Icing by Alex Petrovic.
3:05 of 3rd period - Jason Akeson wins face-off versus Juraj Mikus in Staline zone.
3:20 of 3rd period - Snap shot by Teemu Pulkkinen.
3:20 of 3rd period - Stopped by Andrew Hammond without a rebound.
3:21 of 3rd period - Nathan MacKinnon wins face-off versus Peter Holland in Staline zone.
3:46 of 3rd period - Kyle Brodziak is hit by Corey Trivino.
4:16 of 3rd period - Icing by Juraj Mikus.
4:17 of 3rd period - Peter Holland wins face-off versus Kerby Rychel in Saguenéens zone.
4:53 of 3rd period - Snap shot by Kerby Rychel.
4:53 of 3rd period - Shot Misses the Net.
4:55 of 3rd period - Wrist shot by Tanner Richard.
4:55 of 3rd period - Shot Misses the Net.
4:57 of 3rd period - Snap shot by Tanner Richard.
4:57 of 3rd period - Stopped by Andrew Hammond without a rebound.
4:58 of 3rd period - Corey Trivino wins face-off versus Nathan MacKinnon in Staline zone.
5:03 of 3rd period - Snap shot by Corey Trivino.
5:03 of 3rd period - Shot Misses the Net.
5:09 of 3rd period - Snap shot by Bryan Bickell.
5:09 of 3rd period - Shot Blocked by Seth Jones.
5:27 of 3rd period - Double Minor Penalty to Lars Eller for Roughing.
5:28 of 3rd period - Luke Witkowski wins face-off versus Jason Akeson in Staline zone.
5:59 of 3rd period - Wrist shot by Tobias Rieder.
5:59 of 3rd period - Shot Blocked by Cameron Gaunce.
6:01 of 3rd period - Slapshot by Dalton Prout.
6:01 of 3rd period - Shot Blocked by Philip Larsen.
6:03 of 3rd period - Slapshot by Bobby Sanguinetti.
6:03 of 3rd period - Shot Blocked by Tyler Pitlick.
6:05 of 3rd period - Slapshot by Dalton Prout.
6:05 of 3rd period - Stopped by Andrew Hammond with a rebound.
6:07 of 3rd period - Slapshot by Bobby Sanguinetti.
6:07 of 3rd period - Stopped by Andrew Hammond with a rebound.
8:19 of 3rd period - Icing by Luke Witkowski.
8:20 of 3rd period - Peter Holland wins face-off versus Mikhail Grigorenko in Saguenéens zone.
8:43 of 3rd period - Kyle Brodziak is hit by Tyler Pitlick and loses puck.
9:27 of 3rd period - Penalty to Lars Eller is over, Lars Eller is back on ice.
9:46 of 3rd period - Wrist shot by Jiri Sekac.
9:46 of 3rd period - Stopped by Martin Jones with a rebound.
9:48 of 3rd period - Snap shot by Peter Holland.
9:48 of 3rd period - Stopped by Martin Jones without a rebound.
9:49 of 3rd period - Tanner Richard wins face-off versus Corey Trivino in Saguenéens zone.
10:14 of 3rd period - Nick Mattson is hit by Jason Akeson and loses puck.
10:35 of 3rd period - Snap shot by Nathan MacKinnon.
10:35 of 3rd period - Shot Blocked by Cameron Gaunce.
10:55 of 3rd period - Slapshot by Lars Eller.
10:55 of 3rd period - Stopped by Martin Jones with a rebound.
11:13 of 3rd period - Tobias Rieder is hit by Tyler Pitlick and loses puck.
11:24 of 3rd period - Teemu Pulkkinen is hit by Peter Holland and loses puck.
11:33 of 3rd period - Jiri Sekac is hit by Calle Andersson and loses puck.
12:32 of 3rd period - Seth Jones is hit by Jordan Szwarz and loses puck.
12:57 of 3rd period - Off-side.
12:58 of 3rd period - Tanner Richard wins face-off versus Corey Trivino in neutral zone.
14:20 of 3rd period - Icing by Tanner Richard.
14:21 of 3rd period - Lars Eller wins face-off versus Tanner Richard in Saguenéens zone.
14:24 of 3rd period - Slapshot by Jason Akeson.
14:24 of 3rd period - Shot Blocked by Dalton Prout.
14:54 of 3rd period - Snap shot by Carl Hagelin.
14:54 of 3rd period - Stopped by Andrew Hammond without a rebound.
14:55 of 3rd period - Nathan MacKinnon wins face-off versus Lars Eller in Staline zone.
15:20 of 3rd period - Jason Akeson is hit by Craig Cunningham and loses puck.
15:49 of 3rd period - Teemu Pulkkinen is hit by Nick Spaling and loses puck.
16:00 of 3rd period - Snap shot by Lars Eller.
16:00 of 3rd period - Shot Blocked by Robert Hagg.
16:02 of 3rd period - Backhand shot by Jason Akeson.
16:02 of 3rd period - Deflect By Lars Eller.
16:02 of 3rd period - Stopped by Martin Jones without a rebound.
16:03 of 3rd period - Corey Trivino wins face-off versus Nathan MacKinnon in Saguenéens zone.
16:08 of 3rd period - Wrist shot by Corey Trivino.
16:08 of 3rd period - Stopped by Martin Jones without a rebound.
16:09 of 3rd period - Nathan MacKinnon wins face-off versus Corey Trivino in Saguenéens zone.
16:16 of 3rd period - Tyler Pitlick is hit by Nathan MacKinnon.
16:58 of 3rd period - Slapshot by Bobby Sanguinetti.
16:58 of 3rd period - Deflect By Tobias Rieder.
16:58 of 3rd period - Shot Misses the Net.
16:58 of 3rd period - Puck is out of play.
16:59 of 3rd period - Tyler Pitlick wins face-off versus Kyle Brodziak in Staline zone.
17:01 of 3rd period - Minor Penalty to Tyler Pitlick for Hooking.
17:02 of 3rd period - Kyle Brodziak wins face-off versus Jason Akeson in Staline zone.
17:04 of 3rd period - Snap shot by Carl Hagelin.
17:04 of 3rd period - Shot Misses the Net.
17:14 of 3rd period - Nick Spaling is hit by Kyle Brodziak and loses puck.
18:13 of 3rd period - Viktor Loov is hit by Craig Cunningham and loses puck.
18:42 of 3rd period - Nathan MacKinnon is hit by Viktor Loov and loses puck.
19:01 of 3rd period - Penalty to Tyler Pitlick is over, Tyler Pitlick is back on ice.
19:19 of 3rd period - Wrist shot by Lars Eller.
19:19 of 3rd period - Stopped by Martin Jones with a rebound.
Goals for this period are 0 for Staline vs 0 for Saguenéens.
Shots for this period are 8 for Staline vs 7 for Saguenéens.
Overtime #1
0:01 of 1st overtime period - Jason Akeson wins face-off versus Kyle Brodziak in neutral zone.
0:40 of 1st overtime period - Slapshot by Dalton Prout.
0:40 of 1st overtime period - Stopped by Andrew Hammond without a rebound.
0:41 of 1st overtime period - Barclay Goodrow wins face-off versus Henrik Samuelsson in Staline zone.
0:41 of 1st overtime period - Barclay Goodrow is hit by Seth Jones.
0:54 of 1st overtime period - Slapshot by Cameron Gaunce.
0:54 of 1st overtime period - Shot Blocked by Mike Sauer.
1:09 of 1st overtime period - Seth Jones is hit by Philip Larsen and loses puck.
1:20 of 1st overtime period - Philip Larsen is hit by Seth Jones and loses puck.
1:31 of 1st overtime period - Philip Larsen is hit by Mike Sauer and loses puck.
1:44 of 1st overtime period - Slapshot by Seth Jones.
1:44 of 1st overtime period - Shot Misses the Net.
1:46 of 1st overtime period - Slapshot by Mike Sauer.
1:46 of 1st overtime period - Shot Misses the Net.
1:48 of 1st overtime period - Backhand shot by Mike Sauer.
1:48 of 1st overtime period - Stopped by Andrew Hammond with a rebound.
1:50 of 1st overtime period - Slapshot by Mike Sauer.
1:50 of 1st overtime period - Stopped by Andrew Hammond with a rebound.
1:52 of 1st overtime period - Slapshot by Seth Jones.
1:52 of 1st overtime period - Stopped by Andrew Hammond with a rebound.
1:54 of 1st overtime period - Snap shot by Henrik Samuelsson.
1:54 of 1st overtime period - Stopped by Andrew Hammond without a rebound.
1:55 of 1st overtime period - Jason Akeson wins face-off versus Kyle Brodziak in Staline zone.
2:37 of 1st overtime period - Kyle Brodziak is hit by Tyler Pitlick.
2:44 of 1st overtime period - Icing by Lars Eller.
2:45 of 1st overtime period - Carl Hagelin wins face-off versus Tyler Pitlick in Staline zone.
3:14 of 1st overtime period - Seth Jones is hit by Tyler Pitlick.
3:36 of 1st overtime period - Bobby Sanguinetti is hit by Philip Larsen and loses puck.
4:24 of 1st overtime period - Cameron Gaunce is hit by Seth Jones and loses puck.
Goals for this period are 0 for Staline vs 0 for Saguenéens.
Shots for this period are 0 for Staline vs 5 for Saguenéens.
ShootOut
5:00 of 1st overtime period - Penalty Shot by Jason Akeson for Staline.
5:00 of 1st overtime period - Backhand shot by Jason Akeson.
5:00 of 1st overtime period - Goal by Jason Akeson.
5:00 of 1st overtime period - Penalty Shot by Kyle Brodziak for Saguenéens.
5:00 of 1st overtime period - Deke by Kyle Brodziak.
5:00 of 1st overtime period - Stopped by Andrew Hammond.
5:00 of 1st overtime period - Penalty Shot by Nick Spaling for Staline.
5:00 of 1st overtime period - Snap shot by Nick Spaling.
5:00 of 1st overtime period - Stopped by Martin Jones.
5:00 of 1st overtime period - Penalty Shot by Luke Witkowski for Saguenéens.
5:00 of 1st overtime period - Wrist shot by Luke Witkowski.
5:00 of 1st overtime period - Shot Misses the Net.
5:00 of 1st overtime period - Penalty Shot by Tyler Pitlick for Staline.
5:00 of 1st overtime period - Deke by Tyler Pitlick.
5:00 of 1st overtime period - Stopped by Martin Jones.
5:00 of 1st overtime period - Penalty Shot by Carl Hagelin for Saguenéens.
5:00 of 1st overtime period - Backhand shot by Carl Hagelin.
5:00 of 1st overtime period - Shot Misses the Net.
Back to the Top